 Dungeon Crawl Stone Soup version 0.31-a0-876-gfe8ebadbca (webtiles) character file.

Game seed: 2644232263241201908

258 croobank the Covert (level 6, 0/53 HPs)
             Began as a Gnoll Delver on Oct 14, 2023.
             Slain by a kobold
             ... wielding a +1 whip of flaming
              (3 damage)
             ... in a sewer.
             The game lasted 00:04:41 (1134 turns).

croobank the Covert (Gnoll Delver)                  Turns: 1134, Time: 00:04:41

Health: 0/53       AC:  3    Str: 11    XL:     6   Next: 16%
Magic:  8/8        EV: 18    Int:  9    God:
Gold:   15         SH:  0    Dex: 16    Spells: 8/8 levels left

rFire   . . .        a - +0 short sword
rCold   . . .        (no shield)
rNeg    . . .        b - +0 leather armour
rPois   .            (no helmet)
rElec   .            (no cloak)
rCorr   .            (no gloves)
SInv    .            (no boots)
Will    .....        (no amulet)
Stlth   ++++         h - +5 ring of evasion
HPRegen 0.28/turn    (no ring)
MPRegen 0.11/turn

%: no passive effects
@: brilliant
A: fangs 1, strong nose, distributed training
a: no special abilities


You were in a sewer.
You visited 1 branch of the dungeon, and saw 2 of its levels.
You also visited: Sewer.

You collected 15 gold pieces.

Inventory:

Hand Weapons
 a - a +0 short sword (weapon)
Missiles
 i - a curare-tipped dart
Armour
 b - a +0 leather armour (worn)
Jewellery
 h - a +5 ring of evasion (left hand)
Wands
 g - a wand of digging (3)
Scrolls
 c - a scroll of fog
 d - a scroll of revelation


   Skills:
 + Level 6.8 Fighting
 + Level 4.9 Short Blades
 + Level 1.8 Long Blades
 + Level 1.8 Axes
 + Level 1.8 Maces & Flails
 + Level 1.8 Polearms
 + Level 1.8 Staves
 + Level 1.8 Ranged Weapons
 + Level 1.8 Throwing
 + Level 1.8 Armour
 + Level 4.9 Dodging
 + Level 9.7 Stealth
 + Level 1.8 Shields
 + Level 1.8 Unarmed Combat
 + Level 1.8 Spellcasting
 + Level 1.4 Conjurations
 + Level 1.4 Hexes
 + Level 1.4 Summonings
 + Level 1.4 Necromancy
 + Level 1.4 Translocations
 + Level 1.4 Transmutations
 + Level 1.4 Fire Magic
 + Level 1.4 Ice Magic
 + Level 1.4 Air Magic
 + Level 1.4 Earth Magic
 + Level 1.4 Poison Magic
 + Level 2.0 Invocations
 + Level 1.8 Evocations
 + Level 1.6 Shapeshifting


You had 8 spell levels left.
You didn't know any spells.
Your spell library was empty.

Dungeon Overview and Level Annotations

Branches:
Dungeon (6/15)              Sewer (1/1)
 Temple: D:4-7

Altars:

Annotations:
D:6 1 runed translucent door, croobank's ghost, novice GnCj


Innate Abilities, Weirdness & Mutations

You have very sharp teeth.
Your uncanny sense of smell can sniff out nearby items.
Your experience applies equally to all skills.


Message History

The kobold brigand is moderately wounded.
The kobold hits you with a +1 whip of flaming.
The kobold burns you. The kobold brigand closely misses you.
You hit the kobold brigand.
The kobold brigand is heavily wounded.
The kobold hits you with a +1 whip of flaming.
* * * LOW HITPOINT WARNING * * *
The kobold burns you.
* * * LOW HITPOINT WARNING * * *
The kobold brigand closely misses you.
You barely miss the kobold brigand.
The kobold brigand is heavily wounded.
You hit the kobold brigand.
The kobold brigand is heavily wounded.
The kobold splashes around in the water.
The kobold brigand hits you with a +0 dagger.
* * * LOW HITPOINT WARNING * * *
Okay, then.
What are your orders? t - Bark!
Orders for allies: a - Attack new target. r - Retreat! s - Stop attacking. g - Guard the area. f - Follow me.
Anything else - Cancel.
Gang up on whom?
Press: ? - help, Dir - move target, f - kobold
Aim: a kobold, wielding a +1 whip of flaming
Okay, then.
The kobold closely misses you. The kobold brigand misses you.
Things that are here:
a +0 short sword; 6 poisoned darts; a kobold corpse You enter the shallow water.
Moving in this stuff is going to be slow.
The kobold attacks as it pursues you! The kobold misses you.
The kobold brigand hits you but does no damage.
The kobold attacks as it pursues you!
The kobold hits you with a +1 whip of flaming.
* * * LOW HITPOINT WARNING * * *
The kobold burns you.
You die...

#~.~~.##### ?.~ ##.~~##
.~. ##~## #≈# #~# #≈#
#~# #≈# ##~## ##≈##
##~..## ##.~.##
#....~#####..~)K#####.!.
#~....÷~~~~...~K@....!~.
#~.~~.#####~....#####...
##..~## ##..~## #####
#####


You could see a kobold brigand and a kobold.

Vanquished Creatures
  3 kobold brigands (Sewer)
  3 adders (Sewer)
  2 river rats (Sewer)
  A worm (Sewer)
  2 endoplasms (Sewer)
  2 kobolds (Sewer)
  A ball python (Sewer)
  A rat (Sewer)
15 creatures vanquished.

Notes
Turn   | Place    | Note
-------+----------+-------------------------------------------
     0 | D:5      | Reached skill level 9 in Stealth
     0 | D:5      | croobank the Gnoll Delver began the quest for the Orb.
     0 | D:5      | Reached XP level 1. HP: 23/23 MP: 1/1
    24 | D:6      | Noticed croobank's ghost (novice GnCj)
    25 | D:6      | Found a runed translucent door.
    26 | D:6      | Noticed a wight
    26 | D:6      | Noticed a wight
    64 | D:5      | Noticed an ogre
    98 | Sewer    | Entered a sewer
   100 | Sewer    | Noticed a kobold brigand
   120 | Sewer    | Reached XP level 2. HP: 29/29 MP: 2/2
   161 | Sewer    | Killed a kobold brigand
   162 | Sewer    | Reached skill level 1 in Long Blades
   162 | Sewer    | Reached skill level 1 in Axes
   162 | Sewer    | Reached skill level 1 in Maces & Flails
   162 | Sewer    | Reached skill level 1 in Polearms
   162 | Sewer    | Reached skill level 1 in Staves
   162 | Sewer    | Reached skill level 1 in Ranged Weapons
   162 | Sewer    | Reached skill level 1 in Throwing
   162 | Sewer    | Reached skill level 1 in Armour
   162 | Sewer    | Reached skill level 1 in Shields
   162 | Sewer    | Reached skill level 1 in Unarmed Combat
   162 | Sewer    | Reached skill level 1 in Spellcasting
   162 | Sewer    | Reached skill level 1 in Conjurations
   162 | Sewer    | Reached skill level 1 in Hexes
   162 | Sewer    | Reached skill level 1 in Summonings
   162 | Sewer    | Reached skill level 1 in Necromancy
   162 | Sewer    | Reached skill level 1 in Translocations
   162 | Sewer    | Reached skill level 1 in Transmutations
   162 | Sewer    | Reached skill level 1 in Fire Magic
   162 | Sewer    | Reached skill level 1 in Ice Magic
   162 | Sewer    | Reached skill level 1 in Air Magic
   162 | Sewer    | Reached skill level 1 in Earth Magic
   162 | Sewer    | Reached skill level 1 in Poison Magic
   162 | Sewer    | Reached skill level 1 in Invocations
   162 | Sewer    | Reached skill level 1 in Evocations
   162 | Sewer    | Reached skill level 1 in Shapeshifting
   162 | Sewer    | Reached XP level 3. HP: 4/35 MP: 2/4
   162 | Sewer    | Reached XP level 4. HP: 4/41 MP: 2/5
   721 | Sewer    | Noticed a kobold brigand
   738 | Sewer    | Killed a kobold brigand
   739 | Sewer    | Reached XP level 5. HP: 13/47 MP: 5/7
  1083 | Sewer    | Noticed a kobold brigand
  1084 | Sewer    | Noticed a kobold brigand
  1117 | Sewer    | Killed a kobold brigand
  1118 | Sewer    | Reached XP level 6. HP: 30/53 MP: 8/8
  1134 | Sewer    | Slain by a kobold

Illustrated notes

Levels and vault maps discovered:
D:5:      layout_loops_ring, temple_hall, portal_sewer_entry_a
D:6:      layout_basic, hellmonk_ghost_happy_afterlife, uniq_blork_the_orc
Sewer:    sewer_co_15_rooms

Skill      XL: |  1  2  3  4  5 |
---------------+----------------+-----
Stealth        | |  9.7
Long Blades    | 1 |  1.8
Axes           | 1 |  1.8
Maces & Flails | 1 |  1.8
Polearms       | 1 |  1.8
Staves         | 1 |  1.8
Ranged Weapons | 1 |  1.8
Throwing       | 1 |  1.8
Armour         | 1 |  1.8
Shields        | 1 |  1.8
Unarmed Combat | 1 |  1.8
Spellcasting   | 1 |  1.8
Conjurations   | 1 |  1.4
Hexes          | 1 |  1.4
Summonings     | 1 |  1.4
Necromancy     | 1 |  1.4
Translocations | 1 |  1.4
Transmutations | 1 |  1.4
Fire Magic     | 1 |  1.4
Ice Magic      | 1 |  1.4
Air Magic      | 1 |  1.4
Earth Magic    | 1 |  1.4
Poison Magic   | 1 |  1.4
Invocations    | 1 2 |  2.0
Evocations     | 1 |  1.8
Shapeshifting  | 1 |  1.6
Fighting       | |  6.8
Short Blades   | |  4.9
Dodging        | |  4.9

Action                     |  1- 3 |  4- 6 || total
---------------------------+-------+-------++-------
  Melee: Short sword       |    55 |   113 ||   168
         Bite              |     8 |    11 ||    19
         Punch             |       |     1 ||     1
  Throw: Dart              |       |     1 ||     1
    Use: Scroll            |     1 |       ||     1
         Potion            |     1 |     4 ||     5
 Armour: Leather armour    |    11 |    33 ||    44
         Skin              |       |    21 ||    21
  Dodge: Dodged            |    26 |    58 ||    84

Table legend: (Time is in decaauts)
 A = Elapsed time spent in this place.
 B = Non-inter-level travel time spent in this place.
 C = Inter-level travel time spent in this place.
 D = Time resting spent in this place.
 E = Time spent auto-exploring this place.
 F = Levels seen in this place.
 G = Mean time per level.
                   A        B        C        D        E       F      G
               +--------+--------+--------+--------+--------+-----+--------+
         Total |   1119 |   1119 |      0 |    698 |      0 |   3 |  373.0 |
       Dungeon |     98 |     98 |      0 |      0 |      0 |   2 |   49.0 |
         Sewer |   1021 |   1021 |      0 |    698 |      0 |   1 | 1021.0 |
               +--------+--------+--------+--------+--------+-----+--------+

Top non-repeatable levels by time:
   Sewer: 1021 daAuts
     D:5: 92 daAuts
     D:6: 5 daAuts
